 Dungeon Crawl Stone Soup version 0.20.1-1-g8b1a95d (webtiles) character file.

3953 empire the Fighter (level 10, -2/91 HPs)
             Began as a Minotaur Fighter on July 13, 2017.
             Was an Initiate of Nemelex Xobeh.
             Slain by a hog (11 damage)
             ... on level 8 of the Dungeon.
             The game lasted 00:16:01 (7057 turns).

empire the Fighter (Minotaur Fighter)               Turns: 7057, Time: 00:16:01

Health: -2/91      AC:  8    Str: 24    XL:     10   Next: 2%
Magic:  0/15       EV: 10    Int:  5    God:    Nemelex Xobeh [......]
Gold:   85         SH:  0    Dex: 10    Spells: 9/9 levels left

rFire    . . .     SeeInvis .   b - +2 great sword
rCold    . . .     Gourm    +   (shield currently unavailable)
rNeg     . . .     Faith    .   i - +2 ring mail {MR+}
rPois    .         Spirit   +   (helmet restricted)
rElec    .         Reflect  .   e - scarf {Spirit}
rCorr    +         Harm     .   (no gloves)
MR       +....                  (no boots)
Stlth    ..........             D - amulet of the gourmand
Regen    0.3/turn               l - ring of resist corrosion
MPRegen  0.2/turn               (no ring)

@: invisible
A: retaliatory headbutt, horns 2
a: Renounce Religion


You were on level 8 of the Dungeon.
You worshipped Nemelex Xobeh.
Nemelex Xobeh was noncommittal.
You were completely stuffed.

You visited 2 branches of the dungeon, and saw 9 of its levels.
You also visited: Ossuary.

You collected 365 gold pieces.
You spent 280 gold pieces at shops.

Inventory:

Hand Weapons
 a - a +1 long sword
 b - a +2 great sword (weapon)
Armour
 c - a +0 shield
 e - a scarf of spirit shield (worn)
 i - a +2 ring mail of magic resistance (worn)
Jewellery
 l - a ring of resist corrosion (left hand)
 D - an amulet of the gourmand (around neck)
Wands
 g - a wand of disintegration (9/24)
 w - a wand of iceblast (7/15)
 x - a wand of lightning (14/15)
Scrolls
 h - a scroll of fog
 k - 4 scrolls of teleportation
 m - a scroll of enchant weapon
 p - a scroll of enchant armour {unknown}
 B - a scroll of blinking
Potions
 j - a potion of resistance
 o - 3 potions of curing
 r - 4 potions of agility
 s - 3 potions of ambrosia
 u - 3 potions of haste
 C - 3 potions of heal wounds {unknown}
 F - a potion of degeneration {unknown}
Miscellaneous
 d - a plain deck of destruction
Comestibles
 f - 5 bread rations
 q - a meat ration


   Skills:
 - Level 9.1 Fighting
 + Level 7.3 Long Blades
 - Level 7.3 Armour
 - Level 3.6 Shields
 - Level 9.0 Evocations


You had 9 spell levels left.
You didn't know any spells.

Dungeon Overview and Level Annotations

Branches:
Dungeon (8/15)             Temple (1/1) D:7
   Lair: D:8-11

Altars:
Ashenzari
Cheibriados
Dithmenos
Elyvilon
Fedhas
Gozag
Hepliaklqana
Kikubaaqudgha
Makhleb
Nemelex Xobeh
Okawaru
Qazlal
Ru
Sif Muna
Trog
Uskayaw
Xom
Yredelemnul
Zin
The Shining One

Shops:
D:5 :}[(*


Innate Abilities, Weirdness & Mutations

You reflexively headbutt those who attack you in melee.
You have a pair of horns on your head.


Message History

You closely miss the hog.
The hog is heavily wounded.
The human hits you but does no damage. The hog bites you. The hog bites you!
* * * LOW HITPOINT WARNING * * *
The human hits you with a hand axe.
* * * LOW HITPOINT WARNING * * *
The hog bites you.
* * * LOW HITPOINT WARNING * * *
The hog bites you!
* * * LOW HITPOINT WARNING * * *
Unknown command.
You feel better. The hog bites you!
* * * LOW HITPOINT WARNING * * *
The hog bites you.
* * * LOW HITPOINT WARNING * * *
The hog bites you but does no damage.
You fade into invisibility!
The hog bites you!
You die...
Your body disappears without a glow.

#.. #.. #.# #..
######.# #..
.....#.# #..
.....#.# #..
#####'###.#.####..
##.#Y...%#.#.......
#.hhp..%%#'#######.
#.@#######......##.
#....# #........##.
##...###........#..
#.....'........#.#
###.###........#.#
#.# #........#'#
#.# ###.........
#.# #......... #.#
#.........


You could see a yak, 2 hogs and a human.

Vanquished Creatures
  The ghost of appiemonkey the Cudgeler, a novice FoFi (Ossuary)
  Grinder (D:3)
  Sigmund (D:2)
  A hog (D:8)
  A hungry ghost (D:7)
  Menkaure (Ossuary)
  Edmund (D:5)
  An orc warrior (D:7)
  An ice beast (D:7)
  A black bear (D:6)
  2 centaurs
  A necrophage (D:7)
  An ogre (D:7)
  Blork the orc (D:5)
  3 bullfrogs
  A gnoll sergeant (D:8)
  A wyvern skeleton (D:8)
  2 scorpions
  7 killer bees
  6 wights (D:7)
  A howler monkey (D:5)
  4 crimson imps
  A bullfrog zombie (D:7)
  A centaur zombie (D:8)
  A quasit (D:7)
  A centaur skeleton (D:8)
  2 orc wizards (D:4)
  2 orc priests (D:4)
  A gnoll shaman (D:7)
  4 hounds
  Jessica (D:2)
  4 worker ants
  A hound zombie (D:6)
  2 hound skeletons
  3 mummies (Ossuary)
  12 gnolls
  12 adders
  An adder skeleton (D:7)
  An adder zombie (D:5)
  3 worms
  2 dart slugs
  6 leopard geckos
  20 orcs
  6 bats
  A giant cockroach (D:4)
  2 gnoll zombies (Ossuary)
  6 goblins
  5 hobgoblins
  12 jackals
  7 kobolds
  4 quokkas
  3 frilled lizards
  2 gnoll skeletons (Ossuary)
  A goblin skeleton (Ossuary)
  A goblin zombie (Ossuary)
  A hobgoblin skeleton (Ossuary)
  4 hobgoblin zombies (Ossuary)
  2 kobold skeletons (Ossuary)
  2 kobold zombies (Ossuary)
  A leopard gecko skeleton (D:7)
  An orc skeleton (Ossuary)
  An orc zombie (Ossuary)
  A quokka skeleton (D:4)
  7 rats
  A rat skeleton (Ossuary)
  A rat zombie (Ossuary)
193 creatures vanquished.

Vanquished Creatures (others)
  3 gnoll zombies (Ossuary)
  3 gnoll skeletons (Ossuary)
  4 goblin skeletons (Ossuary)
  A goblin zombie (Ossuary)
  3 hobgoblin skeletons (Ossuary)
  A hobgoblin zombie (Ossuary)
  2 kobold skeletons (Ossuary)
  3 kobold zombies (Ossuary)
  3 orc skeletons (Ossuary)
  2 orc zombies (Ossuary)
  2 rat skeletons (Ossuary)
  4 rat zombies (Ossuary)
31 creatures vanquished.

Grand Total: 224 creatures vanquished

Notes
Turn   | Place    | Note
-------+----------+-------------------------------------------
     0 | D:1      | empire the Minotaur Fighter began the quest for the Orb.
     0 | D:1      | Reached XP level 1. HP: 19/19 MP: 0/0
   356 | D:1      | Reached XP level 2. HP: 26/26 MP: 1/1
   695 | D:2      | Noticed Sigmund
   706 | D:2      | Killed Sigmund
   706 | D:2      | Reached XP level 3. HP: 31/31 MP: 2/2
   706 | D:2      | Reached XP level 4. HP: 39/39 MP: 3/3
   706 | D:2      | Reached XP level 5. HP: 45/45 MP: 4/4
   903 | D:2      | Noticed Jessica
   909 | D:2      | Killed Jessica
  1340 | D:3      | Found a burning altar of Makhleb.
  1372 | D:3      | Found an opulent altar of Gozag.
  1448 | D:3      | Noticed Grinder
  1453 | D:3      | Killed Grinder
  1453 | D:3      | Reached XP level 6. HP: 51/51 MP: 5/5
  1953 | D:4      | Reached XP level 7. HP: 36/57 MP: 3/6
  2793 | D:5      | Entered Level 5 of the Dungeon
  2793 | D:5      | Found Timuucr Ylokh's Armour Emporium.
  2802 | D:5      | Reached skill level 5 in Fighting
  2846 | D:5      | Found Imapits's Gadget Emporium.
  2855 | D:5      | Bought a wand of iceblast (7/15) for 110 gold pieces
  2855 | D:5      | Bought a wand of lightning (9/15) for 130 gold pieces
  2888 | D:5      | Found Kuh Dosi's Book Shoppe.
  2909 | D:5      | Noticed Blork the orc
  2915 | D:5      | Killed Blork the orc
  3152 | D:5      | Found a shadowy altar of Dithmenos.
  3214 | D:5      | Noticed Edmund
  3233 | D:5      | Killed Edmund
  3233 | D:5      | Reached XP level 8. HP: 63/73 MP: 7/7
  3258 | D:5      | Found Ifucryge's Antique Weapon Emporium.
  3371 | D:5      | Found Oquoj's Assorted Antiques.
  3375 | D:5      | Bought a scroll labeled RODIUR XYTZ for 20 gold pieces
  3375 | D:5      | Bought a scroll labeled MYUZONLAKU for 20 gold pieces
  3516 | D:5      | Found a burning altar of Makhleb.
  3516 | D:5      | Found a shattered altar of Ashenzari.
  4189 | D:6      | Found a sacrificial altar of Ru.
  4258 | D:6      | Reached skill level 1 in Evocations
  4734 | D:7      | Found a sand-covered staircase.
  4744 | Ossuary  | Entered an ossuary
  4927 | Ossuary  | Noticed appiemonkey's ghost (novice FoFi)
  4950 | Ossuary  | Killed appiemonkey's ghost
  4950 | Ossuary  | Reached skill level 5 in Evocations
  4950 | Ossuary  | Reached XP level 9. HP: 65/83 MP: 8/12
  4963 | Ossuary  | Noticed Menkaure
  4973 | Ossuary  | Killed Menkaure
  5547 | D:7      | Found a staircase to the Ecumenical Temple.
  5576 | Temple   | Entered the Ecumenical Temple
  5727 | Temple   | Became a worshipper of Nemelex Xobeh the Trickster
  5803 | D:7      | Received a gift from Nemelex Xobeh
  6695 | D:8      | HP: 4/83 [killer bee (5)]
  7053 | D:8      | Reached XP level 10. HP: 44/91 MP: 6/15
  7057 | D:8      | Slain by a hog

Skill      XL: |  1  2  3  4  5  6  7  8  9 |
---------------+----------------------------+-----
Long Blades    | 3 6 7 |  7.3
Armour         | 6 7 |  7.3
Fighting       | 7 9 |  9.1
Evocations     | 5 9 |  9.0
Shields        | |  3.6

Action                   |  1- 3 |  4- 6 |  7- 9 | 10-12 || total
-------------------------+-------+-------+-------+-------++-------
Melee: Long sword        |    37 |    71 |   361 |       ||   469
       Headbutt          |     3 |    15 |    90 |       ||   108
       Great sword       |       |       |    65 |     1 ||    66
Evoke: Wand              |       |       |     1 |       ||     1
  Use: Potion            |     1 |       |     4 |     2 ||     7
       Scroll            |       |       |    14 |       ||    14
 Stab: Distracted        |       |       |     1 |       ||     1
  Eat: Chunk             |       |     3 |    30 |       ||    33
       Fruit             |       |       |     3 |       ||     3
Armor: Scale mail        |    15 |       |       |       ||    15
       Ring mail         |    10 |    18 |   155 |     4 ||   187
Dodge: Dodged            |    20 |    23 |   206 |     1 ||   250
Block: Shield            |    30 |    35 |   153 |       ||   218
       Rpst.: Long sword |     6 |     8 |    31 |       ||    45
       Great sword       |       |       |    16 |       ||    16
